 Dungeon Crawl Stone Soup version 0.27-a0-594-g2aaa8dbbc2 (webtiles) character file.

Game seed: 18216194665866768053

126 Azunone the Chucker (level 4, -4/39 HPs)
             Began as a Troll Hunter on Mar 11, 2021.
             Was an Initiate of Hepliaklqana.
             Slain by an orc warrior
             ... wielding a +0 battleaxe
              (13 damage)
             ... on level 3 of the Dungeon.
             The game lasted 00:04:13 (2031 turns).

Azunone the Chucker (Troll Hunter)                  Turns: 2031, Time: 00:04:14

Health: -4/39      AC:  4    Str: 21    XL:     4   Next: 83%
Magic:  3/3        EV: 10    Int:  7    God:    Hepliaklqana [......]
Gold:   155        SH:  0    Dex: 10    Spells: 3/3 levels left

rFire    . . .     SeeInvis .   a - +0 short sword
rCold    . . .     Faith    .   (no shield)
rNeg     . . .     Spirit   .   b - +0 robe
rPois    .         Reflect  .   (helmet restricted)
rElec    .         Harm     .   (no cloak)
rCorr    .         Rampage  .   (gloves unavailable)
Will     .....                  (boots unavailable)
Stlth    +.........             (no amulet)
HPRegen  1.13/turn              (no ring)
MPRegen  0.08/turn              (no ring)

@: very slightly contaminated, invisible
A: large, unfitting armour, reduced essence, claws 3, regeneration 1, shaggy fur
1, tough skin 1
a: Renounce Religion, Recall Ancestor, Ancestor Identity


You were on level 3 of the Dungeon.
You worshipped Hepliaklqana.
Hepliaklqana was noncommittal.
You visited 1 branch of the dungeon, and saw 3 of its levels.

You collected 155 gold pieces.

Inventory:

Hand Weapons
 a - a +0 short sword (weapon)
Missiles
 c - 5 large rocks (quivered)
 d - 2 throwing nets
Armour
 b - a +0 robe (worn)
Jewellery
 l - an amulet of faith
Scrolls
 f - 2 scrolls of amnesia {unknown}
 i - a scroll of teleportation
Potions
 e - a potion of resistance
 g - a potion of mutation {unknown}
 h - a potion of curing
 j - a potion of heal wounds


   Skills:
 + Level 2.7 Fighting
 + Level 4.4 Throwing
 + Level 2.7 Dodging
 - Level 0.3 Stealth


You had 3 spell levels left.
You didn't know any spells.
Your spell library was empty.

Dungeon Overview and Level Annotations

Branches:
Dungeon (3/15)

Altars:
Hepliaklqana


Innate Abilities, Weirdness & Mutations

You are too large for most types of armour.
You have claws for hands.
Your natural rate of healing is unusually fast.
You are covered in fur. (AC +1)
You have tough skin. (AC +1)
Your life essence is reduced to manifest your ancestor. (-10% HP)


Message History

The orc warrior hits you with a +0 battleaxe!
You closely miss the orc warrior.
The orc warrior is lightly wounded.
The orc warrior hits you with a +0 battleaxe.
You barely miss the orc warrior.
The orc warrior is lightly wounded.
The orc warrior hits you with a +0 battleaxe!
You closely miss the orc warrior.
The orc warrior is lightly wounded.
You feel much better.
The orc warrior hits you with a +0 battleaxe!
You hit the orc warrior.
The orc warrior is moderately wounded.
The orc warrior closely misses you.
You barely miss the orc warrior.
The orc warrior is moderately wounded.
The orc warrior hits you with a +0 battleaxe.
You closely miss the orc warrior.
The orc warrior is moderately wounded.
The orc warrior closely misses you.
You hit the orc warrior but do no damage.
The orc warrior is moderately wounded.
The orc warrior hits you with a +0 battleaxe.
You fade into invisibility!
The orc throws a boomerang.
The boomerang barely misses the orc warrior.
The boomerang misses you.
You are very lightly contaminated with residual magic.
You hit the orc warrior but do no damage.
The orc warrior is moderately wounded.
The orc warrior closely misses you.
You hit the orc warrior but do no damage.
The orc warrior is moderately wounded.
The orc warrior hits you with a +0 battleaxe!!
Ouch! That really hurt!
* * * LOW HITPOINT WARNING * * *
You hit the orc warrior but do no damage.
The orc warrior is moderately wounded.
The orc warrior hits you with a +0 battleaxe!
You die...

.........###.#.####.##.#.##.#.#
#.######## #.#.# #.##.#.##.#.# .
########.#.####.##.#.##.#.#
#................#.#.##.#.#
#.###o######.#.####..#.#.##.#.###
.o.......o.#.#.# #.............#
#.###.####.#.#.# #..#.##########
.............#o####..#.#
..............oo@......#
..............o####........
#.###.#####..#.#####.#.##.. ..
...................... .
#.###.######............... #.#
#.# ##..#####.#.##.. #.# #.#
####..# .#.# .. #.# #.# #.....#
.#.# #.# #.# #.....#


You could see an orc warrior and 3 orcs.

Vanquished Creatures
  An adder (D:3)
  An ooze (D:1)
  3 worms
  2 dart slugs (D:1)
  5 leopard geckos
  2 orcs (D:3)
  8 bats
  4 giant cockroaches
  4 goblins
  7 hobgoblins
  10 jackals
  A quokka (D:3)
  4 frilled lizards
  3 kobolds
  5 rats (D:1)
60 creatures vanquished.

Vanquished Creatures (collateral kills)
  An orc wizard (D:3)
  2 orcs (D:3)
  A bat (D:3)
4 creatures vanquished.

Vanquished Creatures (others)
  2 ancestors (D:3)
2 creatures vanquished.

Grand Total: 66 creatures vanquished

Notes
Turn   | Place    | Note
-------+----------+-------------------------------------------
     0 | D:1      | Azunone the Troll Hunter began the quest for the Orb.
     0 | D:1      | Reached XP level 1. HP: 19/19 MP: 0/0
   207 | D:1      | Reached XP level 2. HP: 28/28 MP: 1/1
   435 | D:1      | Reached skill level 4 in Throwing
   435 | D:1      | Reached XP level 3. HP: 35/35 MP: 2/2
  1402 | D:2      | Reached XP level 4. HP: 44/44 MP: 3/3
  1592 | D:2      | Found a hazy altar of Hepliaklqana.
  1603 | D:2      | Became a worshipper of Hepliaklqana the Forgotten
  1655 | D:3      | Found a faded altar of an unknown god.
  1757 | D:3      | Noticed an orc warrior
  2031 | D:3      | Slain by an orc warrior

Illustrated notes

Levels and vault maps discovered:
D:1:      dpeg_arrival_brainrot, layout_basic,
          wander_ebering_terrifying_dragon_lair
D:2:      layout_basic, lemuel_crystal_altar
D:3:      layout_basic, nicolae_wu_jian_immortal_techniques,
          chequers_ecumenical_altar_simple_redux

Skill      XL: |  1  2 |
---------------+-------+-----
Fighting       | 2 |  2.7
Dodging        | 2 |  2.7
Throwing       | 4 |  4.4
Stealth        | |  0.3

Action                   |  1- 3 |  4- 6 || total
-------------------------+-------+-------++-------
Melee: Short sword       |   212 |    83 ||   295
  Use: Scroll            |       |     5 ||     5
       Potion            |       |     2 ||     2
 Stab: Sleeping          |     1 |       ||     1
Armor: Robe              |    89 |    31 ||   120
Dodge: Dodged            |   119 |    47 ||   166

Table legend: (Time is in decaauts)
 A = Elapsed time spent in this place.
 B = Non-inter-level travel time spent in this place.
 C = Inter-level travel time spent in this place.
 D = Time resting spent in this place.
 E = Time spent auto-exploring this place.
 F = Levels seen in this place.
 G = Mean time per level.
                   A        B        C        D        E       F      G
               +--------+--------+--------+--------+--------+-----+--------+
         Total |   2060 |   1942 |    118 |     13 |   1396 |   3 |  686.7 |
       Dungeon |   2060 |   1942 |    118 |     13 |   1396 |   3 |  686.7 |
               +--------+--------+--------+--------+--------+-----+--------+

Top non-repeatable levels by time:
     D:1: 1006 daAuts
     D:2: 741 daAuts
     D:3: 313 daAuts
